 Dungeon Crawl Stone Soup version 0.32-a0-519-g08f29ac1c3 (webtiles) character file.

Game seed: 12580965934950090042

891 kae the Changeling (level 7, 0/60 HPs)
             Began as a Black Draconian Shapeshifter on Feb 27, 2024.
             Succumbed to an orc's poison
             ... on level 4 of the Dungeon.
             The game lasted 00:05:34 (3458 turns).

kae the Changeling (Black Draconian Shapeshifter)   Turns: 3458, Time: 00:05:34

Health: 0/60       AC:  6    Str: 16    XL:     7   Next: 78%
Magic:  7/7        EV: 12    Int: 10    God:
Gold:   121        SH:  0    Dex: 13    Spells: 6/6 levels left

rFire   . .          .
                       - Unarmed
rCold   . . .        (no shield)
rNeg    . . .        (body armour unavailable)
rPois   .            (helmet currently unavailable)
rElec   +            (cloak currently unavailable)
rCorr   .            (gloves currently unavailable)
SInv    .            (boots currently unavailable)
Will    .....        (no amulet)
Stlth   +            (no ring)
HPRegen 0.30/turn    (no ring)
MPRegen 0.10/turn

%: no passive effects
@: lethally poisoned (0 -> -13), beast-form, hasted, very quick
A: beast (slay +3), galvanic breath, AC +6, unfitting armour, electricity
resistance, cold-blooded
a: Galvanic Breath, Begin Untransformation


You were on level 4 of the Dungeon.
You were a hulking beast.
You visited 1 branch of the dungeon, and saw 5 of its levels.
You also visited: Sewer.

You collected 218 gold pieces.
You spent 97 gold pieces at shops.


Innate Abilities, Weirdness & Mutations

You are a hulking beast.
Your limbs bulge with bestial killing power. (Slay +3)
You can breathe arcing electricity.
Your glossy black scales are hard. (AC +6)
You cannot fit into any form of body armour.
You are resistant to electric shocks. (rElec)
You are cold-blooded and may be slowed by cold attacks.


   Skills:
 + Level 4.8 Fighting
 - Level 1.7 Dodging
 + Level 5.2 Unarmed Combat
 * Level 6.5 Shapeshifting


You had 6 spell levels left.
You didn't know any spells.
Your spell library contained the following spells:

 Spells                   Type           Power      Damage    Failure   Level
 Blink                    Tloc           0%         N/A       50%         2
 Lesser Beckoning         Tloc           0%         N/A       50%         2
 Momentum Strike          Conj/Tloc      0%         3d8       50%         2
 Inner Flame              Hex/Fire       0%         N/A       75%         3
 Vhi's Electric Charge    Tloc/Air       0%         N/A       98%         4
 Arcjolt                  Conj/Air       0%         1d10      100%        5
 Irradiate                Conj/Alch      0%         3d11      100%        5
 Ignition                 Fire           0%         3d3       100%        8
 Maxwell's Capacitive Co  Air            0%         ∞         100%        8

Inventory:

Missiles
 d - 37 stones (quivered)
 j - 6 poisoned darts
 m - 2 boomerangs
Jewellery
 E - a +5 ring of evasion
   (You found it on level 2 of the Dungeon)
 G - an amulet of guardian spirit
   (You found it on level 3 of the Dungeon)
 P - a ring of poison resistance
   (You found it on level 2 of the Dungeon)
Talismans
 b - a beast talisman (active)
 c - a flux talisman
 k - a maw talisman
   (You found it on level 1 of the Dungeon)
 y - a granite talisman
   (You found it on level 4 of the Dungeon)
Wands
 f - a wand of paralysis (9)
   (You found it on level 2 of the Dungeon)
 v - a wand of polymorph (11)
   (You took it off Edmund on level 4 of the Dungeon)
Scrolls
 g - 2 scrolls of revelation
 h - 3 scrolls of blinking {!r}
 l - 2 scrolls of teleportation {@r4}
 r - 2 scrolls of poison {!r}
 s - a scroll of enchant weapon {unknown}
 t - a scroll of vulnerability {!r!r}
 w - a scroll of identify {@r1}
Potions
 a - a potion of lignification {!q}
 e - a potion of attraction {!q}
 i - a potion of might
 n - 2 potions of invisibility
 o - 2 potions of resistance
 p - a potion of heal wounds {unknown}
 u - a potion of cancellation {unknown}
 x - a potion of curing {unknown}

Dungeon Overview and Level Annotations

Branches:
Dungeon (5/15) Zot: 26739   Sewer (visited)
 Temple: D:4-7

Altars:
Trog

Shops:
D:2 =*[*(

Annotations:
D:3 1 runed translucent door, Crazy Yiuf

#.## #.....#....
#..# #.....#.##.
##.# #######.##.
##.## #.##. ##...##
#.##.
##.....########....
#..................
#..............###.
#)h.......####.###.
##)†...#..#........
##...##....##.####
######.......#
#.......# #########


There were no monsters in sight!


Message History

Done exploring.
Done exploring.
There is an open translucent gate here.
There is a stone staircase leading down here.
You climb downwards.
The orc shouts! x2; The orc priest shouts!
The orc wizard shouts!
You hear a shout!
There is a stone staircase leading up here.
There are monsters nearby!
Okay, then.
The orc shouts!
An adder comes into view.
The orc wizard gestures wildly while chanting.
The orc wizard flickers and vanishes!
Deactivating autopickup; reactivate with Ctrl-A.
The orc priest mumbles some strange prayers to Beogh against you.
You struggle to resist.
The adder hisses angrily.
You punch the orc!
You kill the orc!
You punch the orc!
You kill the orc!
An orc comes into view. It is wielding a +0 short sword.
The orc shouts!
You punch the orc!
You kill the orc!
You barely miss the orc.
You tail-slap the orc, but do no damage.
The orc closely misses you.
The orc priest hits you but does no damage.
The orc hits you with a +1 flail of venom.
You are poisoned.
The adder bites you but does no damage.
You climb upwards.
Reactivating autopickup.
You feel sick.
There is a stone staircase leading down here. 😕 HP[-4]
You take 4 damage, and now have 56/60 hp.
Unknown command.
You hit the orc priest. You tail-slap the orc priest.
You feel sick. The adder barely misses you. The orc barely misses you.
The orc priest calls down the wrath of Beogh upon you.
Beogh smites you! 😮 HP[-15]
You take 15 damage, and now have 41/60 hp.
MASSIVE DAMAGE!! (PAUSE)
You hit the orc priest.
You kill the orc priest!
You feel sick. The adder bites you.
The orc hits you with a +1 flail of venom. 😮 HP[-8]
You take 8 damage, and now have 33/60 hp.
Unknown command.
You hit the adder.
You feel sick. The adder bites you.
The orc hits you with a +1 flail of venom.
* * * LOW HITPOINT WARNING * * *
You are more poisoned.
The adder barely misses you. 😨 HP[-7]
You take 7 damage, and now have 26/60 hp.
You closely miss the adder.
You feel very sick.
The orc hits you with a +1 flail of venom.
* * * LOW HITPOINT WARNING * * *
You are lethally poisoned!
The adder completely misses you. 😨 HP[-7]
You take 7 damage, and now have 19/60 hp.
You hit the adder.
Your tail-slap misses the adder.
* * * LOW HITPOINT WARNING * * *
You feel very sick. The adder barely misses you.
The orc closely misses you. 😱 HP[-5]
You take 5 damage, and now have 14/60 hp.
Unknown command.
You barely miss the adder. You tail-slap the adder.
You kill the adder!
* * * LOW HITPOINT WARNING * * *
You feel very sick. The orc hits you but does no damage.
You are more poisoned. 😱 HP[-2]
You take 2 damage, and now have 12/60 hp.
Okay, then.
You hit the orc but do no damage. You tail-slap the orc.
* * * LOW HITPOINT WARNING * * *
You feel very sick. 😱 HP[-5]
You take 5 damage, and now have 7/60 hp.
Unknown command.
You hit the orc but do no damage. You tail-slap the orc.
You kill the orc!
* * * LOW HITPOINT WARNING * * *
You feel very sick. 😱 HP[-3]
You take 3 damage, and now have 4/60 hp.
There is a lethal amount of poison in your body!
It was a potion of haste.
You feel yourself speed up.
You die...

Skill      XL: |  1  2  3  4  5  6  7 |
---------------+----------------------+-----
Fighting       | 2 3 4 |  4.8
Shapeshifting  | 4 5 6 |  6.5
Unarmed Combat | 4 5 |  5.2
Dodging        | |  1.7

Action                     |  1- 3 |  4- 6 |  7- 9 || total
---------------------------+-------+-------+-------++-------
  Melee: Unarmed           |   105 |   111 |    44 ||   260
         Tailslap          |     8 |    10 |     9 ||    27
         Punch             |     1 |     5 |       ||     6
Ability: Galvanic Breath   |       |       |     2 ||     2
    Use: Scroll            |     3 |     8 |       ||    11
         Potion            |       |     3 |     1 ||     4
   Stab: Sleeping          |     1 |     3 |     1 ||     5
         Invisible         |       |     2 |       ||     2
         Distracted        |       |     1 |       ||     1
 Armour: Skin              |    50 |    44 |    30 ||   124
  Dodge: Dodged            |    64 |    62 |    28 ||   154
         Repelled          |       |     2 |       ||     2
   Form: Beast             |     1 |       |       ||     1
         Flux              |     1 |       |       ||     1

Levels and vault maps discovered:
D:1:      dpeg_arrival_fog, layout_basic, st_stairs_10
D:2:      layout_basic, serial_shops, shop, shop, shop, nicolae_diamond_shop,
          nicolae_diamond_shop, minmay_pentomino_r2
D:3:      layout_rooms, mainiacjoe_overflow_cross_hatched, uniq_sigmund,
          uniq_crazy_yiuf_cottage
D:4:      layout_loops_cross, cheibrodos_sewer_entry_bend,
          gammafunk_ghost_necromancy, uniq_edmund
D:5:      layout_basic, minmay_temple_entry_enclosed_plants, grunt_decor_clamped

Notes
Turn   | Place    | Note
-------+----------+-------------------------------------------
     0 | D:1      | kae the Draconian Shapeshifter began the quest for the Orb.
     0 | D:1      | Reached XP level 1. HP: 16/16 MP: 1/1
     0 | D:1      | magus.rc [v1.11.3]
   525 | D:1      | Reached XP level 2. HP: 23/23 MP: 2/2
   958 | D:1      | Reached XP level 3. HP: 26/29 MP: 3/3
  1259 | D:2      | Reached skill level 2 in Fighting
  1465 | D:2      | Reached skill level 4 in Shapeshifting
  1465 | D:2      | Reached XP level 4. HP: 36/36 MP: 4/4
  1466 | D:2      | Found Ypus's Weapon Shoppe.
  1498 | D:2      | Found Vede's Antique Armour Emporium.
  1502 | D:2      | Found Loishri's Jewellery Emporium.
  1631 | D:2      | Found Miarghoiw's Assorted Antiques.
  1643 | D:2      | Bought 2 viscous coppery potions for 37 gold pieces
  1643 | D:2      | Bought a cyan potion for 18 gold pieces
  1643 | D:2      | Bought a scroll labelled KOREUM HUHIC for 21 gold pieces
  1643 | D:2      | Bought a scroll labelled ZASONT MOAKO for 21 gold pieces
  1653 | D:2      | Found Kiytwagg's General Store.
  2039 | D:3      | Found a runed translucent door.
  2040 | D:3      | Noticed Crazy Yiuf
  2110 | D:3      | Noticed Sigmund
  2125 | D:3      | Killed Sigmund
  2125 | D:3      | Noticed an ogre
  2126 | D:3      | Reached skill level 3 in Fighting
  2126 | D:3      | Reached skill level 4 in Unarmed Combat
  2126 | D:3      | Reached XP level 5. HP: 45/45 MP: 5/5
  2132 | D:3      | Killed an ogre
  2133 | D:3      | Reached skill level 5 in Shapeshifting
  2133 | D:3      | Reached XP level 6. HP: 44/51 MP: 6/6
  2178 | D:3      | You add the spells Vhi's Electric Charge, Arcjolt and
                  | Maxwell's Capacitive Coupling to your library.
  2240 | D:3      | You pick up a book of Spontaneous Combustion and begin
                  | reading...
  2240 | D:3      | You add the spells Inner Flame, Irradiate and Ignition to
                  | your library.
  2246 | D:3      | Found a bloodstained altar of Trog.
  2250 | D:3      | You pick up a book of Spatial Translocations and begin
                  | reading...
  2250 | D:3      | You add the spells Blink, Momentum Strike and Lesser
                  | Beckoning to your library.
  2477 | D:4      | Noticed Edmund
  2537 | D:4      | Found a runed translucent gate.
  2538 | D:4      | Found a runed translucent gate.
  2538 | D:4      | Found a runed translucent gate.
  2560 | D:4      | Identified the +5 orcbow of Kaipamack {flame, rF+ rN+ MP+9
                  | Dex+3}
  2634 | D:4      | Found a glowing drain.
  2657 | D:4      | Killed Edmund
  2684 | Sewer    | Entered a sewer
  2715 | Sewer    | Reached skill level 4 in Fighting
  2757 | Sewer    | Your scales start taking on a glossy black colour.
  2757 | Sewer    | Reached XP level 7. HP: 30/58 MP: 7/7
  2757 | Sewer    | Gained mutation: You are resistant to electric shocks.
                  | (rElec) [Black Draconian growth]
  3345 | D:4      | Noticed TobyConnect's ghost (amateur OpFi)
  3389 | D:4      | Killed TobyConnect's ghost
  3390 | D:4      | Reached skill level 5 in Unarmed Combat
  3390 | D:4      | Reached skill level 6 in Shapeshifting
  3441 | D:5      | Entered Level 5 of the Dungeon
  3454 | D:4      | HP: 14/60 [poisoned by an orc]
  3457 | D:4      | HP: 4/60 [poisoned by an orc]
  3458 | D:4      | Succumbed to an orc's poison

Vanquished Creatures
  Sigmund (D:3)
  The ghost of TobyConnect the Trooper, an amateur OpFi (D:4)
  Edmund (D:4)
  An ogre (D:3)
  A wyvern zombie (D:4)
  A centaur skeleton (D:4)
  An orc priest (D:4)
  A hound (D:4)
  A bullfrog skeleton (D:4)
  An iguana (D:4)
  A hell rat (Sewer)
  A killer bee zombie (D:4)
  7 adders
  A river rat (Sewer)
  2 dart slugs
  2 ribbon worms
  8 orcs
  9 bats
  8 endoplasms
  2 giant cockroaches
  6 goblins
  11 hobgoblins
  A quokka (D:2)
  6 ball pythons
  7 frilled lizards
  6 kobolds
  11 rats
99 creatures vanquished.

Table legend:
 A = Non-vault XP
 B = Vault XP
 C = Vault XP percentage of total XP
 D = Non-vault monster count
 E = Vault monster count
 F = Vault count percentage of total count
                 A         B        C        D         E       F
            +---------+---------+-------+---------+---------+-------
      Total |     444 |     830 |  65.1 |      78 |      21 |  21.2
            +---------+---------+-------+---------+---------+-------
        D:1 |      35 |       7 |  16.7 |      22 |       4 |  15.4
        D:2 |      70 |      13 |  15.7 |      22 |       1 |   4.3
        D:3 |     158 |     226 |  58.9 |      15 |       1 |   6.2
        D:4 |     172 |     531 |  75.5 |      16 |       7 |  30.4
        D:5 |       9 |       0 |   0.0 |       3 |       0 |   0.0
      Sewer |       0 |      53 | 100.0 |       0 |       8 | 100.0
            +---------+---------+-------+---------+---------+-------

Skill      XL: |  1  2  3  4  5  6  7 |
---------------+----------------------+-----
Fighting       | 2 3 4 |  4.8
Shapeshifting  | 4 5 6 |  6.5
Unarmed Combat | 4 5 |  5.2
Dodging        | |  1.7

Action                     |  1- 3 |  4- 6 |  7- 9 || total
---------------------------+-------+-------+-------++-------
  Melee: Unarmed           |   105 |   111 |    44 ||   260
         Tailslap          |     8 |    10 |     9 ||    27
         Punch             |     1 |     5 |       ||     6
Ability: Galvanic Breath   |       |       |     2 ||     2
    Use: Scroll            |     3 |     8 |       ||    11
         Potion            |       |     3 |     1 ||     4
   Stab: Sleeping          |     1 |     3 |     1 ||     5
         Invisible         |       |     2 |       ||     2
         Distracted        |       |     1 |       ||     1
 Armour: Skin              |    50 |    44 |    30 ||   124
  Dodge: Dodged            |    64 |    62 |    28 ||   154
         Repelled          |       |     2 |       ||     2
   Form: Beast             |     1 |       |       ||     1
         Flux              |     1 |       |       ||     1

Illustrated notes

Table legend:
 A = Kills in this place as a percentage of kills in the entire game.
 B = Kills by you in this place as a percentage of kills by you in the entire game.
 C = Kills by friends in this place as a percentage of kills by friends in the entire game.
 D = Other kills in this place as a percentage of other kills in the entire game.
 E = Experience gained in this place as a percentage of experience gained in the entire game.
 F = Experience gained in this place divided by the number of levels of this place that you have seen.
                   A       B       C       D       E      F
               +-------+-------+-------+-------+-------+----------------------
         Total | 100.0 | 100.0 |   N/A |   N/A | 100.0 | 212.3
       Dungeon |  91.9 |  91.9 |   N/A |   N/A |  95.8 | 244.2
         Sewer |   8.1 |   8.1 |   N/A |   N/A |   4.2 |  53.0
               +-------+-------+-------+-------+-------+----------------------

Table legend: (Time is in decaauts)
 A = Elapsed time spent in this place.
 B = Non-inter-level travel time spent in this place.
 C = Inter-level travel time spent in this place.
 D = Time resting spent in this place.
 E = Time spent auto-exploring this place.
 F = Levels seen in this place.
 G = Mean time per level.
                   A        B        C        D        E       F      G
               +--------+--------+--------+--------+--------+-----+--------+
         Total |   3459 |   3254 |    205 |     66 |   2411 |   6 |  576.5 |
       Dungeon |   3260 |   3055 |    205 |     66 |   2293 |   5 |  652.0 |
         Sewer |    199 |    199 |      0 |      0 |    118 |   1 |  199.0 |
               +--------+--------+--------+--------+--------+-----+--------+

Top non-repeatable levels by time:
     D:1: 1126 daAuts
     D:4: 845 daAuts
     D:2: 738 daAuts
     D:3: 542 daAuts
   Sewer: 199 daAuts
     D:5: 7 daAuts
